 Dungeon Crawl Stone Soup version 0.22.0-75-g3901e79 (webtiles) character file.

210 inc the Magician (level 5, -2/35 HPs)
             Began as a Mummy Fire Elementalist on Sept 13, 2018.
             Was an Initiate of Gozag.
             Slain by a wight
             ... wielding a cursed +0 trident
              (8 damage)
             ... on level 3 of the Dungeon.
             The game lasted 00:07:42 (2844 turns).

inc the Magician (Mummy Fire Elementalist)          Turns: 2844, Time: 00:07:43

Health: -2/35      AC:  5    Str: 11    XL:     5   Next: 56%
Magic:  3/10       EV: 12    Int: 16    God:    Gozag
Gold:   244        SH:  0    Dex: 12    Spells: 3/11 levels left

rFire    x . .     SeeInvis .   o - +0 mace (protect)
rCold    + . .     Gourm    .   (no shield)
rNeg     + + +     Faith    .   a - +0 robe
rPois    ∞         Spirit   .   (no helmet)
rElec    .         Reflect  .   m - +2 cloak {+Inv}
rCorr    .         Harm     .   (no gloves)
MR       .....                  (no boots)
Stlth    ++........             (no amulet)
HPRegen  0.11/turn              (no ring)
MPRegen  0.12/turn              (no ring)

@: no status effects
A: no food or potions, fire vulnerability, cold resistance 1, negative energy
resistance 3, torment resistance, unbreathing
a: Potion Petition, Call Merchant, Bribe Branch, Renounce Religion, Evoke
Invisibility


You were on level 3 of the Dungeon.
You worshipped Gozag.
Gozag was aware of your devotion.
You were not hungry.

You visited 1 branch of the dungeon, and saw 3 of its levels.

You collected 286 gold pieces.
You paid 42 gold pieces to Gozag.

Inventory:

Hand Weapons
 c - a +0 short sword
 o - a +0 mace of protection (weapon)
Armour
 a - a +0 robe (worn)
 f - a +2 ring mail of cold resistance
 h - a scarf of repulsion
 m - a +2 cloak of invisibility (worn)
Jewellery
 g - an uncursed amulet of harm {unknown}
Scrolls
 b - 3 scrolls of teleportation {unknown}
 i - a scroll of random uselessness {unknown}
 j - 2 scrolls of remove curse {unknown}
 k - a scroll of identify {unknown}
 l - a scroll of enchant armour {unknown}
 p - a scroll of blinking {unknown}
 q - a scroll of fear {unknown}
Potions
 e - a potion of agility {unknown}
 n - 2 potions of brilliance {unknown}
Comestibles
 d - 6 rations


   Skills:
 - Level 1.5 Dodging
 - Level 1.5 Stealth
 + Level 3.7 Spellcasting
 + Level 3.6 Conjurations
 + Level 3.2 Fire Magic


You had 3 spell levels left.
You knew the following spells:

 Your Spells              Type           Power        Failure   Level  Hunger
a - Flame Tongue          Conj/Fire      ##...        4%          1    N/A
b - Conjure Flame         Conj/Fire      ##......     13%         3    N/A
c - Sticky Flame          Conj/Fire      ##......     38%         4    N/A

Your spell library contained the following spells:

 Spells                   Type           Power        Failure   Level  Hunger
 Throw Flame              Conj/Fire      ##....       6%          2    N/A
 Inner Flame              Hex/Fire       #.......     26%         3    N/A
 Fireball                 Conj/Fire      ##........   75%         5    N/A

Dungeon Overview and Level Annotations

Branches:
Dungeon (3/15)

Altars:
Gozag
Kikubaaqudgha
Nemelex Xobeh
Ru
Uskayaw
Vehumet

Annotations:
D:3 Grinder


Innate Abilities, Weirdness & Mutations

You do not eat or drink.
Your flesh is vulnerable to fire.
You are immune to poison.
Your flesh is cold resistant. (rC+)
You are immune to negative energy. (rN+++)
You are immune to unholy pain and torment.
You can survive without breathing.


Message History

The wight hits you from afar with a trident!
* * * LOW HITPOINT WARNING * * *
Casting: Flame Tongue (safe; 4% risk of failure)
Confirm with . or Enter, or press ? or * to list all spells.
Aiming: Flame Tongue (safe; 4% risk of failure)
Press: ? - help, Shift-Dir - straight line, f/p - wight
Aim: a wight, wielding a trident and wearing a robe (severely damaged)
The flame tongue hits the wight.
The wight appears unharmed.
The wight is severely damaged.
Casting: Flame Tongue (safe; 4% risk of failure)
Confirm with . or Enter, or press ? or * to list all spells.
You don't have enough magic to cast that spell.
Unknown command.
Things that are here:
an enchanted flail; a robe The wight hits you from afar with a trident.
* * * LOW HITPOINT WARNING * * *
The wight hits you from afar with a trident!
You die...
Your body crumbles into a pile of gold.

##.....###########
#...............#
######..........#
#..........#
#..........#
#..........#
#..........#
#.......z..#
#.........@#
#..........#
############


You could see a wight.

Vanquished Creatures
  2 wights (D:3)
  Crazy Yiuf (D:2)
  2 adders (D:2)
  An ooze (D:1)
  2 worms (D:2)
  2 dart slugs
  A leopard gecko (D:1)
  6 orcs (D:3)
  5 bats
  2 giant cockroaches
  8 goblins
  5 hobgoblins
  6 jackals
  2 quokkas
  3 frilled lizards
  7 kobolds
  8 rats
  A fungus (D:2)
64 creatures vanquished.

Notes
Turn   | Place    | Note
-------+----------+-------------------------------------------
     0 | D:1      | inc the Mummy Fire Elementalist began the quest for the
                  | Orb.
     0 | D:1      | Reached XP level 1. HP: 13/13 MP: 4/4
    60 | D:1      | Reached skill level 1 in Conjurations
   197 | D:1      | Reached XP level 2. HP: 19/19 MP: 3/5
   772 | D:1      | Reached XP level 3. HP: 24/24 MP: 4/7
  1505 | D:2      | Reached XP level 4. HP: 30/30 MP: 3/8
  1888 | D:2      | Found an ancient bone altar of Kikubaaqudgha.
  1888 | D:2      | Found a sparkling altar of Nemelex Xobeh.
  1893 | D:2      | Found an opulent altar of Gozag.
  1895 | D:2      | Found a hide-covered altar of Uskayaw.
  1897 | D:2      | Found a radiant altar of Vehumet.
  1912 | D:2      | Became a worshipper of Gozag Ym Sagoz the Greedy
  2078 | D:2      | Found a runed door.
  2082 | D:2      | Noticed Crazy Yiuf
  2088 | D:2      | Learned a level 3 spell: Conjure Flame
  2093 | D:2      | Learned a level 4 spell: Sticky Flame
  2106 | D:2      | Killed Crazy Yiuf
  2555 | D:3      | Found a sacrificial altar of Ru.
  2658 | D:3      | Noticed Grinder
  2687 | D:3      | Reached XP level 5. HP: 35/35 MP: 3/10
  2844 | D:3      | Slain by a wight

Skill      XL: |  1  2  3  4 |
---------------+-------------+-----
Conjurations   | 1 2 3 |  3.6
Spellcasting   | 3 |  3.7
Fire Magic     | 3 |  3.2
Dodging        | |  1.5
Stealth        | |  1.5

Action                   |  1- 3 |  4- 6 || total
-------------------------+-------+-------++-------
Melee: Short sword       |     4 |    32 ||    36
       Mace              |       |     4 ||     4
 Cast: Flame Tongue      |    64 |    74 ||   138
       Conjure Flame     |       |     1 ||     1
Armor: Robe              |     8 |    13 ||    21
Dodge: Dodged            |    26 |    34 ||    60
       Deflected         |     1 |       ||     1
